 Dungeon Crawl Stone Soup version 0.28.0-53-g5a82cb258f (webtiles) character file.

Game seed: 5720834031770824076

2825 Zeld the Thaumaturge (level 9, -2/44 (45) HPs)
             Began as a Deep Elf Fire Elementalist on May 22, 2022.
             Was a Follower of Vehumet.
             Slain by Dowan
             ... wielding a +0 dagger
              (4 damage)
             ... on level 7 of the Dungeon.
             The game lasted 00:08:53 (9101 turns).

Zeld the Thaumaturge (Deep Elf Fire Elementalist)   Turns: 9101, Time: 00:08:53

HP:   -2/44 (45)    AC:  3    Str:  5    XL:     9   Next: 45%
MP:   20/23         EV: 14    Int: 31    God:    Vehumet [*.....]
Gold: 357           SH:  0    Dex: 15    Spells: 12/25 levels left

rFire   . . .      SeeInvis .   a - +7 falchion (vorpal)
rCold   . . .      Faith    .   (no shield)
rNeg    . . .      Spirit   .   h - +0 robe
rPois   +          Reflect  .   (no helmet)
rElec   .          Harm     .   k - +0 cloak
rCorr   .          Rampage  .   (no gloves)
Will    .....                   (no boots)
Stlth   ++........              (no amulet)
HPRegen 0.14/turn               g - ring "Obuyst" {rPois Int+6 Slay+3}
MPRegen 0.18/turn               (no ring)

@: studying Armour, lightly drained
A: no striking features
a: Renounce Religion


You were on level 7 of the Dungeon.
You worshipped Vehumet.
Vehumet was aware of your devotion.
You visited 2 branches of the dungeon, and saw 8 of its levels.
You also visited: Sewer.

You collected 357 gold pieces.

Inventory:

Hand Weapons
 a - a +7 vorpal falchion (weapon)
Armour
 h - a +0 robe (worn)
 k - a +0 cloak (worn)
Jewellery
 g - the ring "Obuyst" (left hand) {rPois Int+6 Slay+3}
   (You took it off an orc on level 3 of the Dungeon)

   [ring of intelligence]

   Int:       It affects your intelligence (+6).
   Slay:      It affects your accuracy & damage with ranged weapons and melee
   (+3).
   rPois:     It protects you from poison.
Wands
 j - a wand of polymorph (3)
Scrolls
 d - 3 scrolls of identify {unknown}
 e - a scroll of torment {unknown}
 f - a scroll of enchant armour {unknown}
 l - a scroll of summoning {unknown}
 n - a scroll of silence {unknown}
 p - 3 scrolls of teleportation {unknown}
 r - 2 scrolls of blinking {unknown}
 t - 2 scrolls of vulnerability {unknown}
 u - a scroll of fear {unknown}
 w - a scroll of acquirement {unknown}
 y - a scroll of amnesia {unknown}
Potions
 b - 2 potions of heal wounds {unknown}
 c - 4 potions of curing
 i - 2 potions of invisibility {unknown}
 m - a potion of mutation {unknown}
 o - 2 potions of brilliance {unknown}
 q - a potion of berserk rage {unknown}
 s - a potion of resistance {unknown}
 v - 2 potions of haste {unknown}
 x - a potion of cancellation {unknown}


   Skills:
 + Level 3.3 Long Blades
 + Level 5.8 Dodging
 - Level 2.4 Stealth
 * Level 8.9 Spellcasting
 + Level 4.7 Conjurations
 + Level 3.9 Hexes
 + Level 3.4 Transmutations
 * Level 7.8 Fire Magic
 + Level 3.4 Poison Magic


You had 12 spell levels left.
You knew the following spells:

 Your Spells              Type           Power      Damage    Failure   Level
a - Foxfire               Conj/Fire      100%       2x1d9     1%          1
b - Scorch                Fire           100%       2d10      1%          2
c - Inner Flame           Hex/Fire       50%        N/A       1%          3
d - Ignite Poison         Fire/Tmut/Pois 44%        N/A       1%          3
z - Olgreb's Toxic Radia  Pois           34%        N/A       9%          4

Your spell library contained the following spells:

 Spells                   Type           Power      Damage    Failure   Level
 Sandblast                Erth           26%        2d8       3%          1
 Sting                    Tmut/Pois      100%       1d8       1%          1
 Conjure Flame            Conj/Fire      52%        6-21      1%          3
 Poisonous Vapours        Pois/Air       48%        N/A       2%          2
 Flame Wave               Conj/Fire      52%        2d11      2%          4
 Freeze                   Ice            52%        1d7       3%          1
 Mephitic Cloud           Conj/Pois/Air  30%        N/A       3%          3
 Frozen Ramparts          Ice            26%        1d4       11%         3
 Gell's Gravitas          Tloc           13%        N/A       11%         3
 Teleport Other           Tloc           13%        N/A       11%         3
 Hailstorm                Conj/Ice       28%        3d8       14%         4
 Freezing Cloud           Conj/Ice/Air   11%        6-21      47%         5
 Dispersal                Tloc           6%         N/A       99%         6


Dungeon Overview and Level Annotations

Branches:
Dungeon (7/15)             Temple (1/1) D:5           Sewer (visited)

Altars:
Ashenzari
Cheibriados
Dithmenos
Elyvilon
Fedhas
Gozag
Hepliaklqana
Kikubaaqudgha
Makhleb
Nemelex Xobeh
Okawaru
Qazlal
Ru
Sif Muna
Trog
Vehumet
Wu Jian
Xom
Yredelemnul
Zin
The Shining One

Annotations:
D:7 Dowan, Duvessa


Message History

The bullfrog's fire resistance burns away.
You hear a shout!
The bullfrog hits you!
A wight comes into view. It is wielding a +0 falchion.
The bullfrog hits you.
Casting: Scorch (safe; 1% risk of failure)
Confirm with . or Enter, or press ? or * to list all spells.
Flames lash the bullfrog.
The bullfrog is burned terribly!
You kill the bullfrog!
Vehumet accepts your kill.
You hear a shout!
A wight comes into view. It is wielding a +0 flail.
The spell is quite dangerous to miscast (9% risk of failure)!
Continue anyway?
You begin to radiate toxic energy.
Unknown command.
Casting: Olgreb's Toxic Radiance (quite dangerous; 9% risk of failure)
Confirm with . or Enter, or press ? or * to list all spells.
You can't see any susceptible monsters within range! (Use Z to cast anyway.) Unknown command.
Unknown command.
Your toxic aura wanes.
Duvessa, Sister of Dowan comes into view.
She is wielding a +0 short sword.
You barely miss the wight. The wight misses you.
Dowan, Brother of Duvessa comes into view.
He is wielding a +0 dagger and wearing a +1 robe of cold resistance.
The wight barely misses you.
You completely miss Duvessa. Duvessa misses you.
The wight hits you with a +0 falchion.
You feel drained. Duvessa closely misses you.
Duvessa hits you with a +0 short sword! The wight barely misses you.
Found 12 gold pieces.
Found an escape hatch in the floor.
The wight hits you with a +0 flail.
Dowan shouts!
Dowan hits you with a +0 dagger.
You hit Dowan but do no damage. Dowan misses you.
The wight hits you with a +0 flail!
* * * LOW HITPOINT WARNING * * *
You completely miss Dowan. Dowan hits you with a +0 dagger.
You die...

.........# ##...
########.# #####..<. #<#
#.)......
#.#######)#####..
#).......)######.
################..[.)....
#.......e.z......[#######
#.#....z########..### #
#$.....ez@.# #..# #
#.#.....###e####..# #
#...>.......†.[.# #
###.#####.###...# # #. .#
#.e.# # #. .......# #.
#.###.#.# .# ....# ......


You could see Duvessa, Dowan and 2 wights.

Vanquished Creatures
  Pikel (D:7)
  4 yaks
  A sky beast (D:5)
  A black bear (D:5)
  3 necrophages
  2 ogres
  2 lemures (D:7)
  A phantom (D:4)
  2 bullfrogs (D:7)
  A scorpion (D:5)
  A water moccasin skeleton (D:5)
  A wight (D:7)
  2 jellies (Sewer)
  2 centaur skeletons
  Crazy Yiuf (D:3)
  3 gnoll shamans
  2 hounds
  2 iguanas
  3 orc wizards
  Terence (D:3)
  A killer bee zombie (D:5)
  A hound skeleton (D:4)
  11 gnolls
  9 adders
  4 river rats
  A shadow imp (D:5)
  2 white imps
  An adder skeleton (D:4)
  4 worms
  4 dart slugs
  9 orcs
  4 bats
  14 endoplasms
  5 giant cockroaches
  8 goblins
  10 hobgoblins
  3 quokkas
  5 ball pythons
  3 frilled lizards
  7 kobolds
  7 rats
149 creatures vanquished.

Vanquished Creatures (others)
  84 foxfires
84 creatures vanquished.

Grand Total: 233 creatures vanquished

Notes
Turn   | Place    | Note
-------+----------+-------------------------------------------
     0 | D:1      | Zeld the Deep Elf Fire Elementalist began the quest for the
                  | Orb.
     0 | D:1      | Reached XP level 1. HP: 10/10 MP: 6/6
   479 | D:1      | Reached XP level 2. HP: 15/15 MP: 2/8
  1027 | D:1      | Learned a level 2 spell: Scorch
  1317 | D:2      | Reached XP level 3. HP: 19/19 MP: 5/10
  1321 | D:2      | Learned a level 3 spell: Inner Flame
  1890 | D:3      | Found a runed translucent door.
  1891 | D:3      | Noticed Crazy Yiuf
  2015 | D:3      | Reached skill level 4 in Spellcasting
  2018 | D:3      | Reached skill level 1 in Hexes
  2018 | D:3      | Reached XP level 4. HP: 18/24 MP: 2/12
  2162 | D:3      | Identified the ring "Obuyst" {rPois Int+6 Slay+3}
  2935 | D:3      | Noticed Terence
  2942 | D:3      | Killed Terence
  2943 | D:3      | Reached XP level 5. HP: 28/28 MP: 6/13
  3287 | D:3      | Killed Crazy Yiuf
  3638 | D:4      | Noticed an ogre
  3644 | D:4      | Killed an ogre
  3645 | D:4      | Reached skill level 5 in Spellcasting
  3645 | D:4      | Reached skill level 5 in Fire Magic
  3645 | D:4      | Reached XP level 6. HP: 32/32 MP: 4/15
  4072 | D:4      | Learned a level 3 spell: Ignite Poison
  4077 | D:4      | Learned a level 4 spell: Olgreb's Toxic Radiance
  4165 | D:4      | Noticed a yak
  4166 | D:4      | Noticed a yak
  4175 | D:4      | Noticed a yak
  4176 | D:4      | Noticed a yak
  4189 | D:4      | Noticed a yak
  4207 | D:3      | Killed a yak
  4208 | D:3      | Reached skill level 1 in Long Blades
  4418 | D:4      | Reached skill level 1 in Transmutations
  4418 | D:4      | Reached skill level 1 in Poison Magic
  4418 | D:4      | Reached XP level 7. HP: 34/36 MP: 12/17
  4864 | D:4      | Killed a yak
  4865 | D:4      | Reached skill level 6 in Spellcasting
  4896 | D:4      | Killed a yak
  4939 | D:4      | Killed a yak
  4940 | D:4      | Reached XP level 8. HP: 13/41 MP: 3/20
  5525 | D:5      | Entered Level 5 of the Dungeon
  5608 | D:5      | Reached skill level 7 in Spellcasting
  5741 | D:5      | Reached skill level 5 in Dodging
  6357 | D:5      | Found a staircase to the Ecumenical Temple.
  6398 | Temple   | Entered the Ecumenical Temple
  6575 | Temple   | Became a worshipper of Vehumet
  7667 | D:6      | Found a glowing drain.
  7683 | Sewer    | Entered a sewer
  7878 | Sewer    | Reached skill level 8 in Spellcasting
  7987 | Sewer    | Reached * piety under Vehumet
  7987 | Sewer    | Offered knowledge of Sandblast by Vehumet.
  8162 | Sewer    | Found a viscous altar of Jiyva.
  8368 | D:6      | Reached XP level 9. HP: 45/45 MP: 15/23
  8652 | D:7      | Noticed Pikel
  8658 | D:7      | Killed Pikel
  9081 | D:7      | Noticed Duvessa
  9083 | D:7      | Noticed Dowan
  9100 | D:7      | HP: 2/44 [wight/+0 flail (13)]
  9101 | D:7      | Slain by Dowan

Illustrated notes

Levels and vault maps discovered:
D:1:      wander_arrival_lonely_grave, layout_rooms
D:2:      layout_rooms
D:3:      corexii_shack_village, layout_basic, minmay_quadrilaterals,
          uniq_terence, uniq_crazy_yiuf_cottage
D:4:      layout_cave_pods
D:5:      layout_gridville, minmay_temple_entry_statues_fountains,
          serial_rivers, chequers_serial_rivers_room_a,
          chequers_serial_rivers_micro_e, chequers_serial_rivers_micro_a,
          chequers_serial_rivers_large_a, minmay_misc_feat_ornament
D:6:      layout_cave_pools, cheibrodos_sewer_entry_sluice, bh_walls_and_bars
D:7:      layout_loops_ring, uniq_duvessa, uniq_pikel
Temple:   mainiacjoe_temple_starburst

Skill      XL: |  1  2  3  4  5  6  7  8  9 |
---------------+----------------------------+-----
Dodging        | 3 4 5 |  5.8
Fire Magic     | 4 5 6 7 |  7.8
Spellcasting   | 4 5 6 8 |  8.9
Hexes          | 1 2 3 |  3.9
Conjurations   | 2 3 4 |  4.7
Long Blades    | 1 2 3 |  3.3
Transmutations | 1 2 3 |  3.4
Poison Magic   | 1 2 3 |  3.4
Stealth        | |  2.4

Action                   |  1- 3 |  4- 6 |  7- 9 || total
-------------------------+-------+-------+-------++-------
Melee: Unarmed           |     4 |    15 |       ||    19
       Falchion          |       |     4 |    18 ||    22
 Cast: Foxfire           |    47 |     1 |     1 ||    49
       Scorch            |    26 |    60 |   103 ||   189
       Olgreb's Toxic Ra |       |       |     9 ||     9
       Ignite Poison     |       |       |     9 ||     9
 Stab: Sleeping          |       |     1 |       ||     1
Armor: Robe              |     1 |     7 |    13 ||    21
Dodge: Dodged            |    18 |    26 |    52 ||    96
